 Dungeon Crawl Stone Soup version 0.29-a0-483-g69413ace17 (webtiles) character file.

Game seed: 1085685796852601478

1076 spaghetti the Chucker (level 8, -8/60 HPs)
             Began as a Gnoll Wanderer on May 25, 2022.
             Mangled by an iguana (10 damage)
             ... on level 4 of the Dungeon.
             The game lasted 00:06:14 (4241 turns).

spaghetti the Chucker (Gnoll Wanderer)              Turns: 4241, Time: 00:06:14

Health: -8/60      AC:  3    Str: 14    XL:     8   Next: 29%
Magic:  14/14      EV: 12    Int: 12    God:
Gold:   305        SH:  0    Dex: 13    Spells: 14/15 levels left

rFire   . . .      SeeInvis +   a - +11 hunting sling "Geamn" {vorpal, rC+ Dex+2, sling}
rCold   + . .      Faith    .   (no shield)
rNeg    . . .      Spirit   .   e - +0 leather armour
rPois   .          Reflect  .   (no helmet)
rElec   .          Harm     .   (no cloak)
rCorr   .          Rampage  .   (no gloves)
Will    .....                   (no boots)
Stlth   ++........              (no amulet)
HPRegen 0.20/turn               (no ring)
MPRegen 0.14/turn               (no ring)

@: about to teleport, invisible
A: fangs 1, strong nose, distributed training, see invisible
a: no special abilities


You were on level 4 of the Dungeon.
You visited 1 branch of the dungeon, and saw 5 of its levels.

You collected 305 gold pieces.


Innate Abilities, Weirdness & Mutations

You have very sharp teeth.
Your uncanny sense of smell can sniff out nearby items.
Your experience applies equally to all skills.
You have supernaturally acute eyesight. (SInv)


   Skills:
 + Level 4.1 Fighting
 + Level 3.1 Short Blades
 + Level 3.1 Long Blades
 + Level 3.1 Axes
 + Level 5.6 Maces & Flails
 + Level 3.1 Polearms
 + Level 3.1 Staves
 + Level 3.1 Slings
 + Level 3.1 Bows
 + Level 3.1 Crossbows
 + Level 7.3 Throwing
 + Level 3.1 Armour
 + Level 3.1 Dodging
 + Level 4.0 Stealth
 + Level 3.1 Shields
 + Level 3.1 Unarmed Combat
 + Level 4.2 Spellcasting
 + Level 2.5 Conjurations
 + Level 2.5 Hexes
 + Level 2.5 Summonings
 + Level 2.5 Necromancy
 + Level 2.5 Translocations
 + Level 2.5 Transmutations
 + Level 4.6 Fire Magic
 + Level 2.5 Ice Magic
 + Level 2.5 Air Magic
 + Level 2.5 Earth Magic
 + Level 2.5 Poison Magic
 + Level 3.4 Invocations
 + Level 3.1 Evocations


You had 14 spell levels left.
You knew the following spells:

 Your Spells              Type           Power      Damage    Failure   Level
a - Foxfire               Conj/Fire      44%        2x1d6     6%          1

Your spell library contained the following spells:

 Spells                   Type           Power      Damage    Failure   Level
 Conjure Flame            Conj/Fire      11%        6-21      19%         3

Inventory:

Hand Weapons
 a - the +11 hunting sling "Geamn" (weapon) {vorpal, rC+ Dex+2, sling}
   (You took it off a goblin on level 2 of the Dungeon)

   Any ammunition fired from it inflicts extra damage upon your enemies.
   Dex:       It affects your dexterity (+2).
   rC:        It protects you from cold.
 b - a +2 short sword of flaming {short}
   (You found it on level 1 of the Dungeon)
 c - a +0 dagger {short}
 h - a +2 mace {mace}
Missiles
 f - 139 stones {throwing}
 i - 18 poisoned darts {throwing}
 o - 3 boomerangs {throwing}
Armour
 e - a +0 leather armour (worn)
Jewellery
 g - a ring of positive energy
   (You found it on level 1 of the Dungeon)
 q - a ring of positive energy
   (You found it on level 2 of the Dungeon)
Wands
 t - a wand of paralysis (5)
   (You found it on level 5 of the Dungeon)
Scrolls
 d - 3 scrolls of fog
 j - 2 scrolls of amnesia
 m - 3 scrolls of enchant weapon
 v - a scroll of magic mapping {!r}
Potions
 n - 5 potions of attraction {!q}
 r - a potion of mutation {!q}
 u - a potion of magic

Dungeon Overview and Level Annotations

Branches:
Dungeon (5/15)
 Temple: D:4-7

Altars:
Ashenzari
Dithmenos
Trog
Vehumet

Shops:
D:3 (   D:4 = D:5

= #........# #........#
### #........# #..
#........# #.#
#.#####'## #####.# #.#
#.#######...... #.#
#.......'......
###.#############......
#....B@l...............
##############.........
#......... #.........
##......... #.......###
#...##### #...# #...#


You could see an iguana (can't see you) and a giant cockroach (can't see you).


Message History

You shoot a sling bullet. The sling bullet hits the iguana.
You shoot a sling bullet.
The sling bullet barely misses the iguana.
You shoot a sling bullet.
The sling bullet hits the iguana but does no damage.
You shoot a sling bullet.
The sling bullet completely misses the iguana.
The sling bullet hits the worm.
The scorpion closely misses you. The iguana completely misses you.
You shoot a sling bullet.
The sling bullet barely misses the iguana.
The scorpion barely misses you. The iguana bites you.
You are too injured to fight recklessly!
You are too injured to fight recklessly!
You are too injured to fight recklessly!
You are too injured to fight recklessly!
You are too injured to fight recklessly! 😕 HP[-5]
You take 5 damage, and now have 55/60 hp.
You are too injured to fight recklessly!
You are too injured to fight recklessly!
You are too injured to fight recklessly!
You are too injured to fight recklessly!
You are too injured to fight recklessly!
You are too injured to fight recklessly!
You are too injured to fight recklessly!
You are too injured to fight recklessly!
You are too injured to fight recklessly!
You are too injured to fight recklessly!
You are too injured to fight recklessly!
You are too injured to fight recklessly!
You are too injured to fight recklessly!
You are too injured to fight recklessly!
You are too injured to fight recklessly!
You are too injured to fight recklessly!
You are too injured to fight recklessly!
Unknown command.
The scorpion stings you. The giant cockroach closely misses you.
The iguana bites you. The scorpion stings you.
You climb upwards.
There is a stone staircase leading down here. 😮 HP[-15]
You take 15 damage, and now have 40/60 hp.
MASSIVE DAMAGE!! (PAUSE) Unknown command.
Unknown command.
Fire: a) +11 hunting sling "Geamn" {vorpal, rC+ Dex+2, sling}
Press: ? - help, Q - select action, (/) - cycle Shift-Dir - straight line, f - scorpion
Aim: a scorpion (70% to hit)
You shoot a sling bullet. The sling bullet hits the scorpion.
The iguana bites you!
* * * LOW HITPOINT WARNING * * *
The scorpion stings you.
* * * LOW HITPOINT WARNING * * *
😨 HP[-17]
You take 17 damage, and now have 23/60 hp.
MASSIVE DAMAGE!! (PAUSE) Fire: a) +11 hunting sling "Geamn" {vorpal, rC+ Dex+2, sling}
Press: ? - help, Q - select action, (/) - cycle Shift-Dir - straight line, f/p - scorpion
Aim: a scorpion (heavily wounded, 70% to hit)
You shoot a sling bullet. The sling bullet hits the scorpion.
The scorpion barely misses you. The iguana bites you.
* * * LOW HITPOINT WARNING * * *
The scorpion barely misses you. The iguana bites you.
* * * LOW HITPOINT WARNING * * *
😨 HP[-7]
You take 7 damage, and now have 16/60 hp.
Fire: a) +11 hunting sling "Geamn" {vorpal, rC+ Dex+2, sling}
Press: ? - help, Q - select action, (/) - cycle Shift-Dir - straight line, f/p - scorpion
Aim: a scorpion (heavily wounded, 70% to hit)
You shoot a sling bullet. The sling bullet hits the scorpion!
You kill the scorpion!
The iguana bites you!
* * * LOW HITPOINT WARNING * * *
The giant cockroach bites you.
* * * LOW HITPOINT WARNING * * *
Your Stealth skill increases to level 4! 😱 HP[-7]
You take 7 damage, and now have 9/60 hp.
Okay, then.
You fade into invisibility!
The iguana closely misses you. The giant cockroach closely misses you.
Fire: a) +11 hunting sling "Geamn" {vorpal, rC+ Dex+2, sling}
Press: ? - help, Q - select action, (/) - cycle Shift-Dir - straight line, f - giant cockroach
Aim: a giant cockroach (can't see you, 70% to hit)
You shoot a sling bullet.
The sling bullet closely misses the giant cockroach.
The iguana bites you.
* * * LOW HITPOINT WARNING * * *
The giant cockroach completely misses you.
The iguana bites you.
* * * LOW HITPOINT WARNING * * *
😱 HP[-7]
You take 7 damage, and now have 2/60 hp.
Okay, then.
As you read the scroll of teleportation {@r4}, it crumbles to dust.
You feel strangely unstable.
The giant cockroach bites you but does no damage.
The iguana bites you!
You die...

Skill      XL: |  1  2  3  4  5  6  7  8 |
---------------+-------------------------+-----
Invocations    | 1 2 3 |  3.4
Short Blades   | 1 2 3 |  3.1
Long Blades    | 1 2 3 |  3.1
Axes           | 1 2 3 |  3.1
Polearms       | 1 2 3 |  3.1
Staves         | 1 2 3 |  3.1
Slings         | 1 2 3 |  3.1
Bows           | 1 2 3 |  3.1
Crossbows      | 1 2 3 |  3.1
Armour         | 1 2 3 |  3.1
Dodging        | 1 2 3 |  3.1
Shields        | 1 2 3 |  3.1
Unarmed Combat | 1 2 3 |  3.1
Evocations     | 1 2 3 |  3.1
Spellcasting   | 3 4 |  4.2
Conjurations   | 1 2 |  2.5
Hexes          | 1 2 |  2.5
Summonings     | 1 2 |  2.5
Necromancy     | 1 2 |  2.5
Translocations | 1 2 |  2.5
Transmutations | 1 2 |  2.5
Ice Magic      | 1 2 |  2.5
Air Magic      | 1 2 |  2.5
Earth Magic    | 1 2 |  2.5
Poison Magic   | 1 2 |  2.5
Fighting       | 3 4 |  4.1
Maces & Flails | 5 |  5.6
Stealth        | 3 4 |  4.0
Fire Magic     | 4 |  4.6
Throwing       | 7 |  7.3

Action                   |  1- 3 |  4- 6 |  7- 9 || total
-------------------------+-------+-------+-------++-------
Melee: Mace              |    51 |       |       ||    51
       Bite              |     2 |       |       ||     2
       Short sword       |    20 |       |       ||    20
 Fire: Hunting sling     |    18 |    61 |    82 ||   161
  Use: Scroll            |     4 |     3 |     6 ||    13
       Potion            |       |     6 |     4 ||    10
 Stab: Sleeping          |     1 |       |       ||     1
Armor: Leather armour    |    38 |     4 |     3 ||    45
Dodge: Dodged            |    48 |     6 |    30 ||    84

Levels and vault maps discovered:
D:1:      dpeg_arrival_erosion, layout_basic
D:2:      layout_basic, shapermc_ecumenical_altar_pompeii
D:3:      layout_basic, vehumet_crystals, mainiacjoe_overflow_small_starburst,
          nicolae_overflow_hidden_temple, serial_shops,
          nicolae_shop_hallway_plus, uniq_grinder
D:4:      layout_basic, mainiacjoe_overflow_24_doors, serial_shops, shop
D:5:      wad_pebble_path, layout_basic, serial_shops,
          nicolae_shop_hallway_plus, portal_sewer_entry_a, supply_closet_lemuel,
          uniq_blork_the_orc

Notes
Turn   | Place    | Note
-------+----------+-------------------------------------------
     0 | D:1      | spaghetti the Gnoll Wanderer began the quest for the Orb.
     0 | D:1      | spaghetti set off with the following items: a +2 mace
                  | {mace}, 12 poisoned darts {throwing}, a +0 dagger {short},
                  | a scroll of fog, a +0 leather armour; and the following
                  | spell memorised: Foxfire; and the following spells
                  | available to memorise: Conjure Flame
     0 | D:1      | Reached XP level 1. HP: 17/17 MP: 4/4
     0 | D:1      | magus.rc [v1.9.6]
   102 | D:1      | Reached XP level 2. HP: 16/23 MP: 5/5
   792 | D:1      | Reached XP level 3. HP: 28/28 MP: 7/7
  1399 | D:2      | Identified the +11 hunting sling "Geamn" {vorpal, rC+
                  | Dex+2}
  1463 | D:2      | Reached skill level 1 in Invocations
  1519 | D:2      | Found a faded altar of an unknown god.
  1532 | D:2      | Reached skill level 1 in Short Blades
  1532 | D:2      | Reached skill level 1 in Long Blades
  1532 | D:2      | Reached skill level 1 in Axes
  1532 | D:2      | Reached skill level 1 in Polearms
  1532 | D:2      | Reached skill level 1 in Staves
  1532 | D:2      | Reached skill level 1 in Slings
  1532 | D:2      | Reached skill level 1 in Bows
  1532 | D:2      | Reached skill level 1 in Crossbows
  1532 | D:2      | Reached skill level 1 in Armour
  1532 | D:2      | Reached skill level 1 in Dodging
  1532 | D:2      | Reached skill level 1 in Shields
  1532 | D:2      | Reached skill level 1 in Unarmed Combat
  1532 | D:2      | Reached skill level 1 in Evocations
  1549 | D:2      | Reached XP level 4. HP: 26/34 MP: 8/8
  1930 | D:2      | Reached skill level 3 in Spellcasting
  2050 | D:3      | Reached skill level 1 in Conjurations
  2050 | D:3      | Reached skill level 1 in Hexes
  2050 | D:3      | Reached skill level 1 in Summonings
  2050 | D:3      | Reached skill level 1 in Necromancy
  2050 | D:3      | Reached skill level 1 in Translocations
  2050 | D:3      | Reached skill level 1 in Transmutations
  2050 | D:3      | Reached skill level 1 in Ice Magic
  2050 | D:3      | Reached skill level 1 in Air Magic
  2050 | D:3      | Reached skill level 1 in Earth Magic
  2050 | D:3      | Reached skill level 1 in Poison Magic
  2062 | D:3      | Found a radiant altar of Vehumet.
  2081 | D:3      | Found a shadowy altar of Dithmenos.
  2267 | D:3      | Found Parche's Weapon Boutique.
  2281 | D:3      | Reached XP level 5. HP: 40/40 MP: 9/9
  2289 | D:3      | Noticed Grinder
  2292 | D:3      | Killed Grinder
  2293 | D:3      | Reached skill level 3 in Fighting
  2293 | D:3      | Reached skill level 2 in Short Blades
  2293 | D:3      | Reached skill level 2 in Long Blades
  2293 | D:3      | Reached skill level 2 in Axes
  2293 | D:3      | Reached skill level 5 in Maces & Flails
  2293 | D:3      | Reached skill level 2 in Polearms
  2293 | D:3      | Reached skill level 2 in Staves
  2293 | D:3      | Reached skill level 2 in Slings
  2293 | D:3      | Reached skill level 2 in Bows
  2293 | D:3      | Reached skill level 2 in Crossbows
  2293 | D:3      | Reached skill level 2 in Armour
  2293 | D:3      | Reached skill level 2 in Dodging
  2293 | D:3      | Reached skill level 3 in Stealth
  2293 | D:3      | Reached skill level 2 in Shields
  2293 | D:3      | Reached skill level 2 in Unarmed Combat
  2293 | D:3      | Reached skill level 4 in Fire Magic
  2293 | D:3      | Reached skill level 2 in Invocations
  2293 | D:3      | Reached skill level 2 in Evocations
  2293 | D:3      | Reached XP level 6. HP: 46/47 MP: 9/11
  2474 | D:3      | Found a bloodstained altar of Trog.
  2868 | D:3      | Gained mutation: You have supernaturally acute eyesight.
                  | (SInv) [potion of mutation]
  3028 | D:3      | Reached XP level 7. HP: 43/52 MP: 12/12
  3149 | D:4      | Found a broken altar of Ashenzari.
  3178 | D:4      | Reached skill level 7 in Throwing
  3178 | D:4      | Found Afyzuduu's Jewellery Shoppe.
  3222 | D:4      | Reached skill level 2 in Conjurations
  3222 | D:4      | Reached skill level 2 in Hexes
  3222 | D:4      | Reached skill level 2 in Summonings
  3222 | D:4      | Reached skill level 2 in Necromancy
  3222 | D:4      | Reached skill level 2 in Translocations
  3222 | D:4      | Reached skill level 2 in Transmutations
  3222 | D:4      | Reached skill level 2 in Ice Magic
  3222 | D:4      | Reached skill level 2 in Air Magic
  3222 | D:4      | Reached skill level 2 in Earth Magic
  3222 | D:4      | Reached skill level 2 in Poison Magic
  3574 | D:5      | Entered Level 5 of the Dungeon
  3574 | D:5      | Noticed Blork the orc
  3577 | D:5      | Killed Blork the orc
  3578 | D:5      | Reached skill level 3 in Invocations
  3583 | D:5      | Reached skill level 4 in Spellcasting
  3585 | D:5      | HP: 8/53 [river rat (6)]
  3598 | D:5      | Found a glowing drain.
  3911 | D:5      | Found Enkiygau's Jewellery Emporium.
  3918 | D:5      | Reached XP level 8. HP: 60/60 MP: 14/14
  3920 | D:5      | Reached skill level 4 in Fighting
  3920 | D:5      | Reached skill level 3 in Short Blades
  3920 | D:5      | Reached skill level 3 in Long Blades
  3920 | D:5      | Reached skill level 3 in Axes
  3920 | D:5      | Reached skill level 3 in Polearms
  3920 | D:5      | Reached skill level 3 in Staves
  3920 | D:5      | Reached skill level 3 in Slings
  3920 | D:5      | Reached skill level 3 in Bows
  3920 | D:5      | Reached skill level 3 in Crossbows
  3920 | D:5      | Reached skill level 3 in Armour
  3920 | D:5      | Reached skill level 3 in Dodging
  3920 | D:5      | Reached skill level 3 in Shields
  3920 | D:5      | Reached skill level 3 in Unarmed Combat
  3920 | D:5      | Reached skill level 3 in Evocations
  4238 | D:4      | HP: 10/60 [iguana (7)]
  4239 | D:4      | Reached skill level 4 in Stealth
  4240 | D:4      | HP: 2/60 [iguana (5)]
  4241 | D:4      | Mangled by an iguana

Vanquished Creatures
  Grinder (D:3)
  2 ogres
  Blork the orc (D:5)
  A necrophage (D:4)
  2 scorpions
  A hound (D:5)
  A gnoll shaman (D:5)
  An orc priest (D:3)
  4 jellies
  2 orc wizards
  3 gnolls (D:5)
  7 adders
  A worm (D:2)
  3 dart slugs
  16 orcs
  10 endoplasms
  2 giant cockroaches (D:1)
  8 goblins
  4 hobgoblins
  4 jackals (D:1)
  4 kobolds
  3 quokkas
  13 ball pythons
  2 bats (D:2)
  4 frilled lizards
  3 rats
103 creatures vanquished.

Table legend:
 A = Non-vault XP
 B = Vault XP
 C = Vault XP percentage of total XP
 D = Non-vault monster count
 E = Vault monster count
 F = Vault count percentage of total count
                 A         B        C        D         E       F
            +---------+---------+-------+---------+---------+-------
      Total |    1151 |     387 |  25.2 |     100 |       3 |   2.9
            +---------+---------+-------+---------+---------+-------
        D:1 |      45 |       0 |   0.0 |      25 |       0 |   0.0
        D:2 |      58 |       0 |   0.0 |      18 |       0 |   0.0
        D:3 |     207 |     286 |  58.0 |      20 |       1 |   4.8
        D:4 |     446 |       0 |   0.0 |      24 |       0 |   0.0
        D:5 |     395 |     101 |  20.4 |      13 |       2 |  13.3
            +---------+---------+-------+---------+---------+-------

Illustrated notes

Table legend:
 A = Kills in this place as a percentage of kills in entire the game.
 B = Kills by you in this place as a percentage of kills by you in the entire game.
 C = Kills by friends in this place as a percentage of kills by friends in the entire game.
 D = Other kills in this place as a percentage of other kills in the entire game.
 E = Experience gained in this place as a percentage of experience gained in the entire game.
 F = Experience gained in this place divided by the number of levels of this place that you have seen.
                   A       B       C       D       E      F
               +-------+-------+-------+-------+-------+----------------------
         Total | 100.0 | 100.0 |   N/A |   N/A | 100.0 | 307.6
       Dungeon | 100.0 | 100.0 |   N/A |   N/A | 100.0 | 307.6
               +-------+-------+-------+-------+-------+----------------------

Table legend: (Time is in decaauts)
 A = Elapsed time spent in this place.
 B = Non-inter-level travel time spent in this place.
 C = Inter-level travel time spent in this place.
 D = Time resting spent in this place.
 E = Time spent auto-exploring this place.
 F = Levels seen in this place.
 G = Mean time per level.
                   A        B        C        D        E       F      G
               +--------+--------+--------+--------+--------+-----+--------+
         Total |   4314 |   4029 |    285 |    563 |   2871 |   5 |  862.8 |
       Dungeon |   4314 |   4029 |    285 |    563 |   2871 |   5 |  862.8 |
               +--------+--------+--------+--------+--------+-----+--------+

Top non-repeatable levels by time:
     D:1: 1384 daAuts
     D:3: 1067 daAuts
     D:4: 1053 daAuts
     D:2: 652 daAuts
     D:5: 157 daAuts
